 Dungeon Crawl Stone Soup version 0.31.0-1-g2c135a0 (webtiles) character file.

Game seed: 5103428210498890489

106 jagoly the Apothecary (level 4, -1/27 HPs)
             Began as an Octopode Alchemist on Jan 24, 2024.
             Slain by a hound (4 damage)
             ... on level 6 of the Dungeon.
             The game lasted 00:12:26 (730 turns).

jagoly the Apothecary (Octopode Alchemist)           Turns: 730, Time: 00:12:27

Health: -1/27      AC:  1    Str:  7    XL:     4   Next: 84%
Magic:  0/7        EV: 13    Int: 19    God:
Gold:   92         SH:  0    Dex: 12    Spells: 3/7 levels left

rFire   . . .        h - +0 dagger (drain)
rCold   . . .        (no shield)
rNeg    . . .        (helmet restricted)
rPois   .            (no amulet)
rElec   .            (no ring)
rCorr   .            (no ring)
SInv    .            (no ring)
Will    .....        (no ring)
Stlth   +++          (no ring)
HPRegen 0.24/turn    (no ring)
MPRegen 0.10/turn    (no ring)
                     (no ring)

%: no passive effects
@: very slightly contaminated
A: almost no armour, amphibious, 8 rings, camouflage 1, gelatinous body 1,
(nimble swimmer 1), tentacles
a: no special abilities


You were on level 6 of the Dungeon.
You visited 1 branch of the dungeon, and saw 6 of its levels.

You collected 92 gold pieces.

Inventory:

Hand Weapons
 b - a +0 sling
 h - a +0 dagger of draining (weapon)
Missiles
 i - 6 boomerangs
 k - 4 poisoned darts
 l - 5 stones
Armour
 c - a +0 kite shield
Talismans
 f - a flux talisman
Wands
 o - a wand of charming (5)
Scrolls
 a - a scroll of teleportation {unknown}
 m - a scroll of noise {unknown}
 n - a scroll of identify {unknown}
Potions
 d - 2 potions of heal wounds
 e - a potion of haste {unknown}
 g - a potion of magic
 j - 2 potions of might {unknown}


   Skills:
 - Level 2.0 Dodging
 - Level 4.0 Stealth
 * Level 2.0 Spellcasting
 - Level 2.0 Conjurations
 + Level 5.0 Alchemy


You had 3 spell levels left.
You knew the following spells:

 Your Spells              Type           Power      Damage    Failure   Level
a - Sting                 Conj/Alch      60%        1d6       4%          1
c - Mephitic Cloud        Conj/Alch/Air  10%        N/A       19%         3

Your spell library contained the following spells:

 Spells                   Type           Power      Damage    Failure   Level
 Mercury Vapours          Alch/Air       22%        N/A       9%          2
 Olgreb's Toxic Radiance  Alch           21%        N/A       22%         4
 Sticky Flame             Fire/Alch      11%        2d5       52%         4


Dungeon Overview and Level Annotations

Branches:
Dungeon (6/15) Zot: 26990
 Temple: D:4-7

Altars:
Uskayaw

Shops:
D:1 (


Innate Abilities, Weirdness & Mutations

You cannot wear most types of armour.
You are amphibious.
You can wear up to eight rings at the same time.
Your skin changes colour to match your surroundings (Stealth+).
Your rubbery body absorbs attacks. (AC +1, EV +1)
((You are camouflaged when in or above water. (Stealth+)))
You have tentacles for arms and can constrict up to eight enemies at once.


Message History

Aiming: Sting (safe; 5% risk of failure)
Press: ? - help, Shift-Dir - straight line
Okay, then.
Cast which spell? (? or * to list)
Aiming: Sting (safe; 5% risk of failure)
Press: ? - help, Shift-Dir - straight line, f - kobold
Aim: a kobold, wielding a +0 whip (64% to hit)
The sting hits the kobold.
The kobold is poisoned.
You kill the kobold!
Cast which spell? (? or * to list)
Aiming: Sting (safe; 5% risk of failure)
Press: ? - help, Shift-Dir - straight line, f - hobgoblin
Aim: a hobgoblin (71% to hit)
You miscast Sting.
You are very lightly contaminated with residual magic.
Nothing appears to happen.
Cast which spell? (? or * to list)
Aiming: Sting (safe; 5% risk of failure)
Press: ? - help, Shift-Dir - straight line, f/p - hobgoblin
Aim: a hobgoblin (71% to hit)
The sting hits the hobgoblin.
The hobgoblin is poisoned.
The hobgoblin is severely wounded.
The hobgoblin barely misses you.
You hit the hobgoblin.
You kill the hobgoblin!
Things that are here:
a +0 whip; a kobold corpse You see here a +0 spear.
Your magical contamination has completely faded away.
There is a stone staircase leading down here.
You climb downwards.
There is a stone staircase leading up here.
HP restored.
Magic restored.
A ball python comes into view.
You enter the shallow water.
Cast which spell? (? or * to list)
Aiming: Sting (safe; 5% risk of failure)
Press: ? - help, Shift-Dir - straight line, f - ball python
Aim: a ball python (asleep, 100% to hit)
The sting hits the ball python.
The ball python is poisoned.
You kill the ball python!
An adder and a bat come into view.
Found a gluggy clear potion.
You enter the shallow water.
Found 14 gold pieces.
You enter the shallow water.
Cast which spell? (? or * to list)
Aiming: Sting (safe; 5% risk of failure)
Press: ? - help, Shift-Dir - straight line, f - adder
Aim: an adder (water, asleep, 100% to hit)
You miscast Sting.
You are very lightly contaminated with residual magic.
Nothing appears to happen.
Cast which spell? (? or * to list)
Aiming: Sting (safe; 5% risk of failure)
Press: ? - help, Shift-Dir - straight line, f/p - adder
Aim: an adder (water, asleep, 100% to hit)
The sting hits the adder.
The adder is poisoned.
The adder is moderately wounded.
The adder hisses angrily.
Cast which spell? (? or * to list)
Aiming: Sting (safe; 5% risk of failure)
Press: ? - help, Shift-Dir - straight line, f/p - adder
Aim: an adder (water, moderately wounded, poisoned, 53% to hit)
The sting hits the adder.
The adder looks even sicker.
The adder is severely wounded.
The bat barely misses you.
You closely miss the adder. Your grab misses the adder.
You tentacle-slap the adder.
You kill the adder!
The bat hits you.
You completely miss the bat. Your grab misses the bat. You squeeze the bat.
The bat is severely wounded.
The bat closely misses you. The bat closely misses you.
You see here an adder corpse.
The bat hits you but does no damage.
Your magical contamination has completely faded away.
The bat closely misses you. x2
The bat barely misses you.
You miss the bat. You grab the bat.
Your tentacle-slap misses the bat.
You squeeze the bat.
You kill the bat!
d - 3 gluggy clear potions (gained 1)
You now have 92 gold pieces (gained 14).
Magic restored.
Magic restored.
A dart slug comes into view.
A frilled lizard comes into view.
Cast which spell? (? or * to list)
Aiming: Sting (safe; 4% risk of failure)
Press: ? - help, Shift-Dir - straight line, f - frilled lizard
Aim: a frilled lizard (wandering, hasn't noticed you, 53% to hit)
The sting misses the frilled lizard.
The frilled lizard bites you.
Cast which spell? (? or * to list)
Aiming: Sting (safe; 4% risk of failure)
Press: ? - help, Shift-Dir - straight line, f - dart slug, p - frilled lizard
Aim: a dart slug (100% to hit)
The sting hits the dart slug.
The dart slug is poisoned.
The dart slug is severely wounded.
The frilled lizard bites you.
Cast which spell? (? or * to list)
Aiming: Sting (safe; 4% risk of failure)
Press: ? - help, Shift-Dir - straight line, f/p - dart slug
Aim: a dart slug (severely wounded, poisoned, 100% to hit)
The sting hits the dart slug.
The dart slug looks even sicker.
You kill the dart slug!
The frilled lizard bites you.
Training target 2.0 for Conjurations reached!
Your Conjurations skill increases to level 2!
You closely miss the frilled lizard. Your grab misses the frilled lizard.
The frilled lizard bites you.
You miss the frilled lizard. Your grab misses the frilled lizard.
You squeeze the frilled lizard.
You kill the frilled lizard!
Found a stone staircase leading down.
You see here a dart slug corpse.
A frilled lizard comes into view.
Cast which spell? (? or * to list)
Aiming: Sting (safe; 4% risk of failure)
Press: ? - help, Shift-Dir - straight line, f - frilled lizard
Aim: a frilled lizard (asleep, 100% to hit)
The sting hits the frilled lizard.
The frilled lizard is poisoned.
You kill the frilled lizard!
There is a stone staircase leading down here.
You climb downwards.
There is a stone staircase leading up here.
Found a scroll labelled TOKKAMM UGOEL.
This spell is extremely dangerous to cast!
You start memorising the spell.
You continue memorising. x3
You finish memorising.
Spell assigned to 'b'.
Adjust (i)tems, (s)pells, or (a)bilities?
Adjust which spell? b - Mephitic Cloud Adjust to which letter? c - Mephitic Cloud Magic restored.
You see here a scroll labelled TOKKAMM UGOEL.
A giant cockroach is nearby!
m - a scroll labelled TOKKAMM UGOEL You catch the helpless giant cockroach completely off-guard!
You puncture the giant cockroach!
You kill the giant cockroach!
Found a stone staircase leading down.
There is a stone staircase leading down here.
You climb downwards.
Found a scroll labelled ZIMNOP UPNUOCH.
There is a stone staircase leading up here.
An orc wizard comes into view. It is wielding a +0 dagger.
Found 8 stones.
Found a stone staircase leading down.
The hound barks!
The orc wizard shouts!
The hound closely misses you. The hound bites you.
Press: ? - help, v - describe, . - travel The floor.
The hound bites you.
There is a stone staircase leading up here.
The hound barely misses you.
You climb upwards.
There is a stone staircase leading down here.
Cast which spell? (? or * to list)
Aiming: Sting (safe; 4% risk of failure)
Press: ? - help, Shift-Dir - straight line, f - hound
Aim: a hound (60% to hit)
The sting hits the hound.
The hound is poisoned.
The hound is lightly wounded.
The hound bites you. x2
Cast which spell? (? or * to list)
Aiming: Sting (safe; 4% risk of failure)
Press: ? - help, Shift-Dir - straight line, f/p - hound
Aim: a hound (moderately wounded, poisoned, 60% to hit)
The sting hits the hound.
The hound looks even sicker.
The hound is heavily wounded.
The hound bites you.
Cast which spell? (? or * to list)
Aiming: Sting (safe; 4% risk of failure)
Press: ? - help, Shift-Dir - straight line, f/p - hound
Aim: a hound (heavily wounded, very poisoned, 60% to hit)
The sting misses the hound.
The hound bites you but does no damage. The hound closely misses you.
Cast which spell? (? or * to list)
Aiming: Sting (safe; 4% risk of failure)
Press: ? - help, Shift-Dir - straight line, f/p - hound
Aim: a hound (heavily wounded, very poisoned, 60% to hit)
The sting hits the hound.
The hound looks even sicker.
The hound is almost dead.
The hound bites you.
Cast which spell? (? or * to list)
Aiming: Sting (safe; 4% risk of failure)
Press: ? - help, Shift-Dir - straight line, f/p - hound
Aim: a hound (almost dead, very poisoned, 60% to hit)
Okay, then.
Unknown command.
Hit: h) +0 dagger (drain)
Press: ? - help, Dir - move target, f/p - hound
Aim: a hound (almost dead, very poisoned, about 49% to evade your +0 dagger of draining)
Okay, then.
Unknown command.
Hit: h) +0 dagger (drain)
Press: ? - help, Dir - move target, f/p - hound
Aim: a hound (almost dead, very poisoned, about 49% to evade your +0 dagger of draining)
You barely miss the hound. You grab the hound. You squeeze the hound.
You kill the hound!
Training target 4.0 for Stealth reached!
Your Stealth skill increases to level 4!
Your Alchemy skill increases to level 4!
You have reached level 4!
An orc comes into view. It is wielding a +0 club.
The helpless orc fails to defend itself.
You puncture the orc!
You kill the orc!
Things that are here:
a +0 club; an orc corpse A goblin comes into view.
It is wielding a +0 club.
The goblin shouts!
You hit the goblin. You grab the goblin.
The goblin is heavily wounded.
You constrict the goblin. The goblin hits you with a +0 club.
You hit the goblin.
You kill the goblin!
Things that are here:
a +0 club; a goblin corpse
Found a robe.
Found an escape hatch in the floor.
Unknown command.
Unknown command.
Unknown command.
Unknown command.
An endoplasm comes into view.
The helpless endoplasm fails to defend itself.
You puncture the endoplasm!
You kill the endoplasm!
Magic restored.
HP restored.
Found a stone staircase leading up.
Found an orc corpse.
There is a stone staircase leading up here.
You climb upwards.
There is a stone staircase leading down here.
A bat comes into view.
The helpless bat fails to defend itself.
You puncture the bat!
You kill the bat!
There is a stone staircase leading down here.
You climb downwards.
There is a stone staircase leading up here.
Found a hide-covered altar of Uskayaw.
Found five items.
An orc and a sleepcap come into view.
Found 6 stones.
Cast which spell? (? or * to list)
Aiming: Sting (safe; 4% risk of failure)
Press: ? - help, Shift-Dir - straight line, f - orc
Aim: an orc, wielding a +0 dagger (71% to hit)
The sting misses the orc.
Cast which spell? (? or * to list)
Aiming: Sting (safe; 4% risk of failure)
Press: ? - help, Shift-Dir - straight line, f/p - orc
Aim: an orc, wielding a +0 dagger (71% to hit)
The sting hits the orc.
The orc is poisoned.
The orc is severely wounded.
You kill the orc!
Found a scroll labelled ZUCEVAL BUTY.
Found a stone staircase leading down.
n - a scroll labelled ZUCEVAL BUTY
Okay, then.
Ijyb and an endoplasm come into view.
Ijyb is wielding a +0 club and carrying a wand of charming.
Found a puce potion.
Ijyb shouts!
The endoplasm quivers.
Ijyb zaps a wand.
You resist with some effort.
The endoplasm moves out of view.
Press: ? - help, v - describe, . - travel The floor.
Unknown command.
Throw: 5 darts (poison)
Press: ? - help, Shift-Dir - straight line, f - Ijyb
Aim: Ijyb, wielding a +0 club, wearing a +0 scale mail and carrying a wand of charming (47% to hit)
You throw a poisoned dart. The poisoned dart closely misses Ijyb.
Okay, then.
Cast which spell? (? or * to list)
Aiming: Mephitic Cloud (quite dangerous; 21% risk of failure)
Press: ? - help, Shift-Dir - straight line, f - endoplasm, p - Ijyb
Aim: an endoplasm (not susceptible)
The ball explodes into a vile cloud!
The stinking cloud engulfs the endoplasm.
The stinking cloud engulfs you.
The stinking cloud engulfs Ijyb.
You hear a shout! x5
The endoplasm freezes you.
You are frozen.
Cast which spell? (? or * to list)
Aiming: Sting (safe; 4% risk of failure)
Press: ? - help, Shift-Dir - straight line, f - Ijyb, p - endoplasm
Aim: Ijyb, wielding a +0 club, wearing a +0 scale mail and carrying a wand of charming (68% to hit)
The sting hits the endoplasm.
The endoplasm partially resists.
The endoplasm is poisoned.
The endoplasm is lightly wounded.
Ijyb screams, "Die!"
Cast which spell? (? or * to list)
Aiming: Sting (safe; 4% risk of failure)
Press: ? - help, Shift-Dir - straight line, f/p - Ijyb
Aim: Ijyb, wielding a +0 club, wearing a +0 scale mail and carrying a wand of charming (noxious fumes, 68% to hit)
The sting hits the endoplasm.
The endoplasm partially resists.
The endoplasm looks even sicker.
The endoplasm is moderately wounded.
The endoplasm misses you.
Ijyb is engulfed in noxious fumes.
The endoplasm hits you.
You kill the endoplasm!
Cast which spell? (? or * to list)
You don't have enough magic to cast this spell.
Unknown command.
Cast which spell? (? or * to list)
Aiming: Sting (safe; 4% risk of failure)
Press: ? - help, Shift-Dir - straight line, f/p - Ijyb
Aim: Ijyb, wielding a +0 club, wearing a +0 scale mail and carrying a wand of charming (68% to hit)
The sting misses Ijyb.
Cast which spell? (? or * to list)
Aiming: Sting (safe; 4% risk of failure)
Press: ? - help, Shift-Dir - straight line, f/p - Ijyb
Aim: Ijyb, wielding a +0 club, wearing a +0 scale mail and carrying a wand of charming (68% to hit)
The sting hits Ijyb.
Ijyb is poisoned.
Ijyb is lightly wounded.
Ijyb zaps a wand.
You resist with some effort.
Hit: h) +0 dagger (drain)
Press: ? - help, Dir - move target, f/p - Ijyb
Aim: Ijyb, wielding a +0 club, wearing a +0 scale mail and carrying a wand of charming (moderately wounded, poisoned, about 42% to evade your +0 dagger of draining)
You hit Ijyb but do no damage. You drain Ijyb. You grab Ijyb. You squeeze Ijyb!
Ijyb is severely wounded.
You constrict Ijyb, but do no damage.
Ijyb zaps a wand.
Your will is overpowered!
You are confused.
You release your grip on Ijyb.
You barely miss Ijyb.
Ijyb is severely wounded.
Ijyb hits you with a +0 club!
You closely miss Ijyb. Your squeeze misses Ijyb.
Ijyb is severely wounded.
Ijyb barely misses you.
You're too confused to move!
Ijyb hits you but does no damage. Ijyb attacks as she pursues you!
Ijyb completely misses you.
Ijyb looks more healthy.
You feel less confused.
Ijyb zaps a wand.
You resist with some effort.
Cast which spell? (? or * to list)
Aiming: Sting (safe; 4% risk of failure)
Press: ? - help, Shift-Dir - straight line, f/p - Ijyb
Aim: Ijyb, wielding a +0 club, wearing a +0 scale mail and carrying a wand of charming (severely wounded, heavily drained, 68% to hit)
The sting misses Ijyb.
Ijyb hits you with a +0 club.
Hit: h) +0 dagger (drain)
Press: ? - help, Dir - move target, f/p - Ijyb
Aim: Ijyb, wielding a +0 club, wearing a +0 scale mail and carrying a wand of charming (severely wounded, heavily drained, about 42% to evade your +0 dagger of draining)
You hit Ijyb but do no damage. Your grab misses Ijyb.
Ijyb is severely wounded.
Ijyb zaps a wand.
Your will is overpowered!
You are confused.
Unknown command.
You hit Ijyb but do no damage. Your squeeze misses Ijyb.
Ijyb is severely wounded.
Ijyb hits you with a +0 club.
* * * LOW HITPOINT WARNING * * *
You're too confused to cast spells.
Unknown command.
You hit Ijyb. You drain Ijyb.
You kill Ijyb!
Training target 5.0 for Alchemy reached!
Your Alchemy skill increases to level 5!
You need to enable at least one skill for training.
Okay, then.
Unknown command.
You feel less confused.
o - a wand of charming (9)
Things that are here:
a +0 club; a +0 scale mail Unknown command.
An orc comes into view. It is wielding a +0 short sword.
The orc moves out of view.
An orc comes into view. It is wielding a +0 trident.
An orc comes into view. It is wielding a +0 trident.
An orc comes into view. It is wielding a +0 mace.
The orc moves out of view.
The orc shouts!
You hear a shout!
The orc throws a boomerang.
The boomerang hits you.
* * * LOW HITPOINT WARNING * * *
Cast which spell? (? or * to list)
Aiming: Sting (safe; 4% risk of failure)
Press: ? - help, Shift-Dir - straight line, f - orc
Aim: an orc, wielding a +0 trident, wearing a +0 ring mail and quivering boomerangs (77% to hit)
The sting hits the orc.
The orc is poisoned.
The orc is severely wounded.
The orc shouts!
You hear a shout!
Cast which spell? (? or * to list)
Aiming: Sting (safe; 4% risk of failure)
Press: ? - help, Shift-Dir - straight line, f - orc, p - orc
Aim: an orc, wielding a +0 mace (74% to hit)
The sting hits the orc.
The orc looks even sicker.
You kill the orc!
There is a stone staircase leading down here.
Cast which spell? (? or * to list)
You don't have enough magic to cast this spell.
Unknown command.
You climb downwards.
The hound barks!
The orc shouts!
The gnoll shouts!
The gnoll bouda shouts!
The gnoll shouts!
You hear a shout!
The adder hisses angrily.
You hear a shout!
Found two stone staircases leading down.
There is a stone staircase leading up here.
Unknown command.
The hound misses you. The orc closely misses you.
The gnoll bouda gazes fiercely through you!
You feel your attacks grow feeble. The hound bites you.
* * * LOW HITPOINT WARNING * * *
There is a stone staircase leading down here.
Unknown command.
Unknown command.
Unknown command.
Unknown command.
Unknown command.
Unknown command.
Unknown command.
The orc closely misses you. The hound misses you.
You climb downwards.
You hear the sound of rushing water.
There is an entrance to a sewer on this level.
Hurry and find it before the portal rusts away!
You hear the sound of rushing water.
There is an entrance to a sewer on this level.
Hurry and find it before the portal rusts away!
Welcome back, jagoly the Octopode Alchemist.
Press ? for a list of commands and other information.
Found a bubbling clear potion and 5 stones.
Found an escape hatch in the ceiling.
Found a stone staircase leading up.
A scorpion comes into view.
Okay, then.
It was a potion of heal wounds.
You feel much better. The hound bites you.
There is an escape hatch in the ceiling, spattered with blood here.
Cast which spell? (? or * to list)
Aiming: Sting (safe; 4% risk of failure)
Press: ? - help, Shift-Dir - straight line, f - scorpion
Aim: a scorpion (74% to hit)
The sting misses the scorpion.
The orc hits you with a +0 club. The hound closely misses you.
The scorpion stings you.
Cast which spell? (? or * to list)
You don't have enough magic to cast this spell.
Unknown command.
Hit: h) +0 dagger (drain)
Press: ? - help, Dir - move target, f/p - scorpion
Aim: a scorpion (about 38% to evade your +0 dagger of draining)
Okay, then.
Aiming: Charm
Press: ? - help, Shift-Dir - straight line, f/p - scorpion
Aim: a scorpion (chance to affect: 49%)
The scorpion resists with some effort.
The hound barely misses you. The orc closely misses you.
The scorpion closely misses you. The hound bites you.
* * * LOW HITPOINT WARNING * * *
Aiming: Charm
Press: ? - help, Shift-Dir - straight line, f/p - scorpion
Aim: a scorpion (chance to affect: 49%)
The scorpion resists with some effort.
The orc closely misses you. The scorpion barely misses you.
The hound barely misses you.
Aiming: Charm
Press: ? - help, Shift-Dir - straight line, f/p - scorpion
Aim: a scorpion (chance to affect: 49%)
The scorpion resists with some effort.
The hound closely misses you. The scorpion closely misses you.
The orc hits you with a +0 club.
* * * LOW HITPOINT WARNING * * *
The hound bites you but does no damage. The scorpion misses you.
Aiming: Charm
Press: ? - help, Shift-Dir - straight line, f/p - scorpion
Aim: a scorpion (chance to affect: 49%)
The scorpion is charmed.
Your attacks no longer feel as feeble.
The orc hits you with a +0 club.
* * * LOW HITPOINT WARNING * * *
The hound bites you.
* * * LOW HITPOINT WARNING * * *
You swap places.
The orc closely misses your scorpion. The hound barely misses you.
What are your orders? t - Shout!
Orders for allies: a - Attack new target. p - Attack previous target. r - Retreat! s - Stop attacking. g - Guard the area. f - Follow me.
Anything else - Cancel.
Gang up on whom?
Press: ? - help, Dir - move target, f - hound, p - scorpion
Aim: a hound Attack!
The orc hits your scorpion with a +0 club.
The hound misses you.
Your scorpion stings the hound.
Cast which spell? (? or * to list)
Aiming: Sting (safe; 4% risk of failure)
Press: ? - help, Shift-Dir - straight line, f/p - hound
Aim: a hound (moderately wounded, ally target, 64% to hit)
You miscast Sting.
You are very lightly contaminated with residual magic.
Nothing appears to happen.
The hound bites you.
* * * LOW HITPOINT WARNING * * *
The orc barely misses your scorpion.
Your scorpion barely misses the hound.
The hound bites you.
You die...

............#
#............## .
#....(........#..
#................
#..........#.#...
#©....!..........
#........o.#.#...
#.......s<.......
#......@h...##...
#........####
#........#
#........#
..#......# .
########


You could see a hound (ally target), an orc and a friendly scorpion (charmed).

Vanquished Creatures
  A hound (D:4)
  Ijyb (D:4)
  An adder (D:3)
  A dart slug (D:3)
  3 orcs (D:4)
  4 endoplasms
  3 giant cockroaches
  3 goblins
  3 hobgoblins
  3 jackals (D:2)
  3 quokkas (D:1)
  2 ball pythons
  4 bats
  2 frilled lizards (D:3)
  2 kobolds
  4 rats
40 creatures vanquished.

Notes
Turn   | Place    | Note
-------+----------+-------------------------------------------
     0 | D:1      | jagoly the Octopode Alchemist began the quest for the Orb.
     0 | D:1      | Reached XP level 1. HP: 11/11 MP: 3/3
    53 | D:1      | Found Ygeic's Weapon Shoppe.
    96 | D:1      | Reached XP level 2. HP: 12/17 MP: 5/5
   293 | D:2      | Reached XP level 3. HP: 21/21 MP: 2/6
   497 | D:4      | Learned a level 3 spell: Mephitic Cloud
   539 | D:5      | Entered Level 5 of the Dungeon
   551 | D:4      | Reached skill level 4 in Alchemy
   551 | D:4      | Reached XP level 4. HP: 15/27 MP: 2/7
   645 | D:4      | Found a hide-covered altar of Uskayaw.
   671 | D:4      | Noticed Ijyb
   699 | D:4      | Killed Ijyb
   700 | D:4      | Reached skill level 5 in Alchemy
   721 | D:6      | Noticed a scorpion
   730 | D:6      | Slain by a hound

Illustrated notes

Levels and vault maps discovered:
D:1:      mainiacjoe_arrival_oval_in_oval, layout_loops_ring, serial_shops,
          shop, shop, nicolae_shop_back_alley_shop
D:2:      layout_loops_ring, minivault_5, minmay_crystal_water,
          minmay_curled_crystal, minmay_tetromino_t2
D:3:      layout_loops_ring, nrook_mini_backslash, minivault_14
D:4:      layout_loops_ring, nicolae_uskayaw_murder_on_the_dancefloor, uniq_ijyb
D:5:      lemuel_castle_with_subvaults [lemuel_castle_interior_carwin_3],
          layout_loops_ring
D:6:      layout_cave_pods, nicolae_gozag_conspicuous_consumption,
          portal_sewer_entry_d, gammafunk_ghost_hive, serial_glass,
          glass_columns_c, glass_columns_b, glass_columns_c, glass_columns_a,
          glass_columns_a, chequers_serial_rivers_room_a, minmay_door_square

Skill      XL: |  1  2  3  4 |
---------------+-------------+-----
Stealth        | 3 4 |  4.0
Conjurations   | 2 |  2.0
Alchemy        | 4 5 |  5.0
Dodging        | |  2.0
Spellcasting   | |  2.0

Action                     |  1- 3 |  4- 6 || total
---------------------------+-------+-------++-------
  Melee: Unarmed           |    25 |       ||    25
         Constrict         |    10 |     2 ||    12
         Tentacles         |     7 |     1 ||     8
         Dagger            |    16 |    11 ||    27
         Punch             |     1 |       ||     1
  Throw: Dart              |       |     1 ||     1
   Cast: Sting             |    34 |    10 ||    44
         Mephitic Cloud    |       |     1 ||     1
  Evoke: Wand              |       |     4 ||     4
    Use: Potion            |       |     1 ||     1
   Stab: Sleeping          |     1 |     3 ||     4
         Distracted        |     1 |       ||     1
 Armour: Skin              |    27 |    18 ||    45
  Dodge: Dodged            |    32 |    19 ||    51
